 Dungeon Crawl Stone Soup version 0.27.1-34-g3ba077fa99 (webtiles) character file.

Game seed: 14859016431339547703

11 cbfl8 the Sneak (level 2, -2/27 HPs)
             Began as a Minotaur Delver on Jan 23, 2022.
             Slain by Sigmund (9 damage)
             ... on level 3 of the Dungeon.
             The game lasted 00:00:59 (401 turns).

cbfl8 the Sneak (Minotaur Delver)                    Turns: 401, Time: 00:01:00

Health: -2/27      AC:  3    Str: 16    XL:     2   Next: 17%
Magic:  1/1        EV: 11    Int:  7    God:
Gold:   0          SH:  0    Dex: 11    Spells: 1/1 levels left

rFire    . . .     SeeInvis .   h - +2 dagger (venom)
rCold    . . .     Faith    .   (no shield)
rNeg     . . .     Spirit   .   b - +0 leather armour
rPois    .         Reflect  .   (helmet restricted)
rElec    .         Harm     .   (no cloak)
rCorr    .         Rampage  .   (no gloves)
Will     .....                  (no boots)
Stlth    ++........             (no amulet)
HPRegen  0.09/turn              (no ring)
MPRegen  0.07/turn              (no ring)

@: no status effects
A: horns 2, retaliatory headbutt
a: no special abilities


You were on level 3 of the Dungeon.
You visited 1 branch of the dungeon, and saw 3 of its levels.

Inventory:

Hand Weapons
 a - a +0 hand axe
 h - a +2 dagger of venom (weapon)
Armour
 b - a +0 leather armour (worn)
Wands
 g - a wand of digging (3)
Scrolls
 c - a scroll of fog
 d - a scroll of magic mapping
 e - a scroll of fear
 j - a scroll of holy word {unknown}
Potions
 f - a potion of haste
 i - a potion of lignification {unknown}


   Skills:
 + Level 3.7 Fighting
 + Level 2.4 Axes
 + Level 2.2 Dodging
 + Level 4.5 Stealth


You had one spell level left.
You didn't know any spells.
Your spell library was empty.

Dungeon Overview and Level Annotations

Branches:
Dungeon (5/15)
 Temple: D:4-7

Altars:

Shops:
D:4 [

Annotations:
D:4 Natasha, Sigmund


Innate Abilities, Weirdness & Mutations

You have a pair of horns on your head.
You reflexively headbutt those who attack you in melee.


Message History

The worm is heavily wounded.
You hit the worm.
The worm looks as sick as possible!
The worm is severely wounded.
The worm bites you!
You hit the worm but do no damage.
The worm looks as sick as possible!
The worm is severely wounded.
The worm closely misses you.
You hit the worm.
The worm looks as sick as possible!
The worm is almost dead.
You hit the worm.
You kill the worm!
You start resting.
HP restored.
Sigmund shouts!
Sigmund closely misses you. Sigmund hits you with a +0 scythe.
There is a stone staircase leading down here.
Sigmund casts a spell at you. You resist with significant effort.
You climb downwards.
There is a stone staircase leading up, spattered with blood here.
You see here a ball python corpse.
Sigmund zaps a wand.
The puff of flame hits you!
You climb upwards.
There is a stone staircase leading down here.
Sigmund gestures at you while chanting. The puff of flame hits you.
* * * LOW HITPOINT WARNING * * *
You climb downwards.
Level annotation: Natasha
There is a stone staircase leading up, spattered with blood here.
You see here a ball python corpse.
Sigmund gestures wildly while chanting.
Sigmund flickers and vanishes!
Deactivating autopickup; reactivate with Ctrl-A.
You climb upwards.
Reactivating autopickup.
There is a stone staircase leading down here.
Something hits you!
You die...

.. ###.#### #
#....#.##
.###.##.#.....#
...............
#.#... #.##†#
#.##@# #...{#
######


There were no monsters in sight!

Vanquished Creatures
  A worm (D:3)
  A dart slug (D:5)
  A ball python (D:4)
  An endoplasm (D:4)
  A goblin (D:4)
  A quokka (D:4)
6 creatures vanquished.

Notes
Turn   | Place    | Note
-------+----------+-------------------------------------------
     0 | D:5      | cbfl8 the Minotaur Delver began the quest for the Orb.
     0 | D:5      | Reached XP level 1. HP: 19/19 MP: 0/0
   159 | D:4      | Found Ehuodoet's Antique Armour Boutique.
   184 | D:4      | Reached XP level 2. HP: 16/27 MP: 1/1
   186 | D:3      | Noticed Sigmund
   395 | D:4      | Noticed Natasha
   401 | D:3      | Slain by Sigmund

Illustrated notes

Levels and vault maps discovered:
D:3:      layout_loops_corners, minivault_19, uniq_grinder, uniq_sigmund,
          uniq_ijyb
D:4:      layout_rooms, serial_shops, shop, uniq_natasha
D:5:      layout_basic, temple_fountains

Action                   || total
-------------------------++-------
Melee: Dagger            ||    12
       Headbutt          ||     2
Armor: Leather armour    ||     1
Dodge: Dodged            ||    11
